 Dungeon Crawl Stone Soup version 0.26-a0-812-g31a745ddcd (webtiles) character file.

Game seed: 912190183036995168

3362 LabCoat the Cleaver (level 10, 0/84 HPs)
             Began as a Hill Orc Fighter on Nov 14, 2020.
             Was an Initiate of Trog.
             Slain by a hornet (2 damage)
             ... on level 8 of the Dungeon.
             The game lasted 00:19:49 (7229 turns).

LabCoat the Cleaver (Hill Orc Fighter)              Turns: 7229, Time: 00:19:49

Health: 0/84       AC: 15    Str: 23    XL:     10   Next: 3%
Magic:  10/10      EV:  9    Int:  8    God:    Trog [......]
Gold:   470        SH: 10    Dex: 10    Spells: 9/9 levels left

rFire    . . .     SeeInvis .   a - +0 war axe
rCold    . . .     Faith    .   c - +0 kite shield
rNeg     . . .     Spirit   .   u - +0 plate armour
rPois    .         Reflect  .   (no helmet)
rElec    .         Harm     .   s - +1 cloak
rCorr    .         Rampage  .   (no gloves)
MR       .....                  (no boots)
Stlth    ..........             z - amulet of regeneration
HPRegen  0.64/turn              H - +4 ring of evasion
MPRegen  0.12/turn              (no ring)

@: lethally poisoned (0 -> 0), slowed, very slow
A: no striking features
a: Renounce Religion


You were on level 8 of the Dungeon.
You worshipped Trog.
Trog was noncommittal.
You visited 2 branches of the dungeon, and saw 9 of its levels.

You collected 470 gold pieces.

Inventory:

Hand Weapons
 a - a +0 war axe (weapon)
 m - a cursed +0 hunting sling
 G - a +0 morningstar
Missiles
 e - 15 poisoned darts (quivered)
 p - 178 stones
Armour
 c - a +0 kite shield (worn)
 s - a +1 cloak (worn)
 u - a +0 plate armour (worn)
 J - +0 fire dragon scales
Jewellery
 q - an uncursed amulet of magic regeneration
 z - an amulet of regeneration (around neck)
 H - a +4 ring of evasion (left hand)
Wands
 l - a wand of paralysis (13)
 w - a wand of acid (10)
Scrolls
 i - a scroll of magic mapping {unknown}
 k - 6 scrolls of remove curse
 n - a scroll of blinking {unknown}
 o - a scroll of enchant weapon {unknown}
 r - 2 scrolls of teleportation
 t - 4 scrolls of fog
 y - 2 scrolls of random uselessness {unknown}
 D - a scroll of torment {unknown}
 E - 2 scrolls of amnesia
Potions
 b - 4 potions of curing
 d - 2 potions of might
 f - 4 potions of attraction
 g - a potion of ambrosia
 h - a potion of berserk rage {unknown}
 v - a potion of degeneration {unknown}
 A - 2 potions of brilliance {unknown}
 B - 2 potions of resistance
 C - a potion of cancellation {unknown}
 F - a potion of flight {unknown}
 I - a potion of invisibility {unknown}


   Skills:
 + Level 6.5 Fighting
 * Level 13.6 Axes
 + Level 0.5 Throwing
 + Level 6.7 Armour
 + Level 6.4 Shields


You had 9 spell levels left.
You didn't know any spells.
Your spell library contained the following spells:

 Spells                   Type           Power        Failure   Level
 Animate Skeleton         Necr           #.....       100%        1
 Apportation              Tloc           #.....       100%        1
 Corona                   Hex            #......      100%        1
 Pain                     Necr           #...         100%        1
 Summon Small Mammal      Summ           #...         100%        1
 Vampiric Draining        Necr           #.........   100%        3
 Animate Dead             Necr           #.........   100%        4
 Agony                    Necr           #.......     100%        5


Dungeon Overview and Level Annotations

Branches:
Dungeon (8/15)             Temple (1/1) D:6
   Lair: D:8-11

Altars:
Ashenzari
Dithmenos
Elyvilon
Gozag
Hepliaklqana
Kikubaaqudgha
Makhleb
Nemelex Xobeh
Okawaru
Qazlal
Ru
Sif Muna
Trog
Uskayaw
Vehumet
Wu Jian
Xom
Yredelemnul
Zin

Annotations:
D:3 3 runed translucent doors, Syader's ghost, amateur HuFE


Message History

You suddenly lose the ability to move!
The orc hits you but does no damage.
The hornet stings you but does no damage.
You feel sick. The hornet stings you.
* * * LOW HITPOINT WARNING * * *
You feel yourself slow down. The orc hits you with a +0 dagger.
* * * LOW HITPOINT WARNING * * *
You can move again.
You hit the orc.
The orc is almost dead.
You miss the hornet.
You feel yourself speed up.
You feel sick. You block the hornet's attack. The hornet barely misses you.
The orc hits you but does no damage. The hornet stings you.
* * * LOW HITPOINT WARNING * * *
You feel yourself slow down.
You barely miss the orc.
The orc is almost dead.
You hit the hornet but do no damage.
You feel sick. The orc hits you but does no damage. The hornet stings you.
You die...

# ≈≈ # ≈≈ ##.
≈# ##... ≈≈#
#.....###.≈≈#+#
#..o@y.;≈≈≈≈
......###.≈≈≈≈≈
##... ≈≈#+#
.... ≈# ### #


You could see a hornet, an electric eel and an orc.

Vanquished Creatures
  A skeletal warrior (D:8)
  A steam dragon (D:5)
  A black bear (D:4)
  3 orc warriors
  An ice beast (D:7)
  A phantom (D:7)
  A sky beast (D:5)
  5 ogres
  2 centaurs (D:5)
  2 bullfrogs
  3 scorpions
  9 wights
  An orc priest (D:8)
  A gnoll shaman (D:5)
  A hound (D:4)
  4 jellies
  2 bullfrog skeletons (D:5)
  3 orc wizards
  2 iguanas
  4 worker ants
  A hound skeleton (D:4)
  A worker ant zombie (D:6)
  5 gnolls (D:5)
  8 adders
  A white imp (D:6)
  11 oozes
  An adder skeleton (D:5)
  2 dart slugs
  2 worms (D:3)
  7 leopard geckos
  9 orcs
  2 ball pythons
  5 giant cockroaches
  8 goblins
  11 hobgoblins
  3 jackals
  8 quokkas
  6 bats
  11 frilled lizards
  A jackal skeleton (D:5)
  18 kobolds
  2 quokka skeletons
  10 rats
181 creatures vanquished.

Vanquished Creatures (others)
  A jackal (D:5)
  4 fungi (D:2)
  12 toadstools (D:2)
17 creatures vanquished.

Grand Total: 198 creatures vanquished

Notes
Turn   | Place    | Note
-------+----------+-------------------------------------------
     0 | D:1      | LabCoat the Hill Orc Fighter began the quest for the Orb.
     0 | D:1      | Reached XP level 1. HP: 19/19 MP: 1/1
    64 | D:1      | Reached XP level 2. HP: 24/27 MP: 2/2
   109 | D:1      | Reached skill level 3 in Axes
   408 | D:1      | Reached XP level 3. HP: 33/33 MP: 3/3
   565 | D:1      | You fall into a shaft and drop 1 floor!
   876 | D:2      | Reached skill level 4 in Axes
   878 | D:2      | Reached XP level 4. HP: 40/40 MP: 4/4
  1144 | D:2      | Reached skill level 5 in Axes
  1144 | D:2      | Reached XP level 5. HP: 42/46 MP: 5/5
  1187 | D:2      | Reached skill level 6 in Axes
  1354 | D:2      | Reached XP level 6. HP: 53/53 MP: 6/6
  2054 | D:3      | Found a runed translucent gate.
  2054 | D:3      | Found a runed translucent gate.
  2054 | D:3      | Found an opulent altar of Gozag.
  2054 | D:3      | Found a runed translucent gate.
  2054 | D:3      | Noticed a two-headed ogre
  2054 | D:3      | Noticed Syader's ghost (amateur HuFE)
  2451 | D:3      | You fall into a shaft and drop 1 floor!
  2525 | D:4      | Reached skill level 7 in Axes
  2527 | D:4      | Noticed a black bear
  2533 | D:4      | Killed a black bear
  2533 | D:4      | Reached XP level 7. HP: 52/60 MP: 7/7
  3322 | D:4      | Reached skill level 8 in Axes
  3975 | D:5      | Entered Level 5 of the Dungeon
  3994 | D:5      | Reached skill level 9 in Axes
  4123 | D:5      | Reached skill level 5 in Fighting
  4186 | D:5      | Noticed a steam dragon
  4198 | D:5      | Killed a steam dragon
  4198 | D:5      | Reached XP level 8. HP: 25/68 MP: 8/8
  4345 | D:5      | Found a sacrificial altar of Ru.
  4388 | D:5      | Reached skill level 10 in Axes
  4747 | D:5      | Reached skill level 5 in Shields
  5023 | D:5      | You fall into a shaft and drop 2 floors!
  5052 | D:7      | Reached skill level 5 in Armour
  5093 | D:7      | Found a stormy altar of Qazlal.
  5121 | D:7      | Reached skill level 11 in Axes
  5187 | D:7      | Reached XP level 9. HP: 36/74 MP: 9/9
  5446 | D:7      | Found a basalt altar of Yredelemnul.
  5584 | D:6      | Found a glowing silver altar of Zin.
  5586 | D:6      | Noticed an angel
  5595 | D:6      | Found a shimmering altar of Xom.
  5664 | D:6      | Reached skill level 12 in Axes
  5742 | D:6      | Found a sacrificial altar of Ru.
  5793 | D:6      | Found a staircase to the Ecumenical Temple.
  5816 | Temple   | Entered the Ecumenical Temple
  5963 | Temple   | Became a worshipper of Trog the Wrathful
  6855 | D:7      | Found a burning altar of Makhleb.
  6859 | D:7      | Found a hazy altar of Hepliaklqana.
  6964 | D:7      | Found a hide-covered altar of Uskayaw.
  7065 | D:8      | Reached skill level 13 in Axes
  7182 | D:8      | Noticed a skeletal warrior
  7184 | D:8      | Noticed a skeletal warrior
  7184 | D:8      | Noticed a skeletal warrior
  7185 | D:8      | Noticed a skeletal warrior
  7196 | D:8      | Noticed a skeletal warrior
  7199 | D:8      | Killed a skeletal warrior
  7199 | D:8      | Reached XP level 10. HP: 50/84 MP: 10/10
  7226 | D:8      | Paralysed by a hornet for 2 turns
  7228 | D:8      | HP: 3/84 [hornet (3)]
  7229 | D:8      | Slain by a hornet

Illustrated notes

Levels and vault maps discovered:
D:1:      grunt_arrival_crossed_arrows, layout_loops_ring,
          hangedman_abyss_or_decor_stabs
D:2:      cheibrodos_fertilizer, layout_loops_ring
D:3:      layout_rooms, ebering_ghost_gozag
D:4:      layout_basic, serial_corexii_hall, corexii_hall_statues_i,
          corexii_hall_statues_t
D:5:      layout_layer_cave, old_standard_altar, nrook_loot_triangle
D:6:      layout_basic, grunt_temple_overflow_order_and_chaos_1,
          minmay_temple_entry_slanted, chequers_serial_rivers_micro_c,
          nicolae_ru_sacrificial_ziggurat
D:7:      layout_gridville, kennysheep_mini, grunt_qazlal_sundering,
          nicolae_overflow_crystal_walls, nicolae_overflow_hidden_temple
D:8:      layout_loops_ring, lemuel_coloured_pillars_altar, fedhas_altar_4,
          slow_altar_2, biasface_ghost_orc_armoury, water_boxes_lemuel
Temple:   jpeg_temple_alley_garden

Skill      XL: |  1  2  3  4  5  6  7  8  9 |
---------------+----------------------------+-----
Axes           | 3 4 5 6 7 9 11 13 | 13.6
Fighting       | 4 5 6 |  6.5
Shields        | 4 5 6 |  6.4
Armour         | 4 5 6 |  6.7
Throwing       | |  0.5

Action                   |  1- 3 |  4- 6 |  7- 9 | 10-12 || total
-------------------------+-------+-------+-------+-------++-------
Melee: War axe           |    91 |   200 |   331 |    20 ||   642
Throw: Dart              |       |     1 |     6 |       ||     7
  Use: Scroll            |     4 |     4 |     6 |     1 ||    15
       Potion            |       |       |     2 |     1 ||     3
Armor: Scale mail        |    52 |    85 |    10 |       ||   147
       Chain mail        |       |       |   116 |       ||   116
       Plate armour      |       |       |     2 |    10 ||    12
Dodge: Dodged            |    26 |    67 |    78 |     4 ||   175
Block: Kite shield       |    54 |   107 |   141 |     9 ||   311

Table legend: (Time is in decaauts)
 A = Elapsed time spent in this place.
 B = Non-inter-level travel time spent in this place.
 C = Inter-level travel time spent in this place.
 D = Time resting spent in this place.
 E = Time spent auto-exploring this place.
 F = Levels seen in this place.
 G = Mean time per level.
                   A        B        C        D        E       F      G
               +--------+--------+--------+--------+--------+-----+--------+
         Total |   7346 |   6968 |    378 |    638 |   4970 |   9 |  816.2 |
       Dungeon |   7150 |   6810 |    340 |    638 |   4816 |   8 |  893.8 |
        Temple |    196 |    159 |     37 |      0 |    154 |   1 |  196.0 |
               +--------+--------+--------+--------+--------+-----+--------+

Top non-repeatable levels by time:
     D:2: 1456 daAuts
     D:5: 1389 daAuts
     D:1: 986 daAuts
     D:4: 982 daAuts
     D:7: 804 daAuts
     D:6: 675 daAuts
     D:3: 658 daAuts
     D:8: 198 daAuts
  Temple: 196 daAuts
